Map: Daybreak LE (Void)

Players

Reynor - Winner!

  • Race: Zerg Zerg
  • League: Grandmaster
  • Spawn Location: 1:00

Elazer

  • Race: Zerg Zerg
  • League: Grandmaster
  • Spawn Location: 7:00

Event: NationWars IV

VOD

Have the link to the VOD?

Description

Time

  • Played on: Jan. 5, 2017, 12:03 p.m.
  • Length: 5:37
Show
View Real Time Build Order
Export as new Build Order

Reynor Zerg - Winner!

Build Orders: Hatch First, Zergling Baneling 

Get SALT Encoding   

  12  0:11  Drone  
  12  0:13  Overlord  
  13  0:19  Drone  
  14  0:33  Drone  
  14  0:34  Drone  
  16  0:43  Drone  
  17  0:54  Hatchery  
  16  0:58  Drone  
  17  1:05  Drone  
  17  1:06  Extractor  
  17  1:17  Spawning Pool  
  16  1:21  Drone  
  17  1:26  Drone  
  18  1:37  Drone  
  19  1:48  Overlord  
  19  2:01  Drone  
  20  2:04  Queen  
  20  2:06  Queen  
  20  2:07  Metabolic Boost  
  24  2:11  Zergling x2  
  25  2:16  Drone  
  25  2:19  Drone  
  25  2:21  Drone  
  28  2:28  Drone  
  29  2:42  Hatchery  
  28  2:44  Drone  
  28  2:49  Baneling Nest  
  28  2:52  Drone  
  28  2:54  Drone  
  28  2:57  Zergling x2  
  31  3:01  Zergling x2  
  31  3:04  Overlord  
  32  3:08  Zergling x2  
  32  3:11  Drone  
  34  3:14  Zergling x2  
  34  3:15  Zergling x2  
  36  3:20  Overlord  
  36  3:23  Zergling x2  
  36  3:24  Zergling x2  
  38  3:29  Zergling x4  
  38  3:32  Zergling x2  
  38  3:33  Baneling x2  
  41  3:37  Zergling x2  
  42  3:43  Zergling x2  
  42  3:44  Overlord  
  42  3:46  Drone  
  42  3:47  Drone  
  45  3:51  Zergling x4  
  45  3:53  Drone  
  48  4:00  Drone x2  
  48  4:01  Baneling x2  
  48  4:02  Baneling  
  49  4:03  Drone  
  49  4:05  Drone  
  49  4:09  Zergling x2  
  52  4:11  Drone x2  
  52  4:16  Zergling x4  
  55  4:20  Overlord  
  54  4:24  Drone  
  54  4:31  Zergling x10  
  58  4:34  Baneling x2  
  59  4:42  Zergling x6  
  59  4:43  Zergling x2, Drone  
  62  4:48  Baneling x3  
  62  4:49  Drone  
  62  4:55  Zergling x12  
  62  4:57  Baneling  
  62  4:58  Drone x2  
  68  5:08  Zergling x2  
  68  5:12  Zergling x4  
  71  5:17  Zergling x2  
Show
View Real Time Build Order
Export as new Build Order

Elazer Zerg 

Build Orders: Hatch First 

Get SALT Encoding   

  12  0:00  Drone  
  13  0:13  Overlord  
  13  0:18  Drone  
  14  0:31  Drone x2  
  14  0:35  Drone  
  17  0:52  Hatchery  
  17  0:56  Drone  
  17  0:59  Drone  
  18  1:10  Extractor  
  17  1:13  Spawning Pool  
  17  1:17  Drone  
  17  1:20  Drone  
  18  1:30  Drone  
  19  1:39  Overlord  
  19  1:50  Drone  
  20  2:00  Drone, Queen  
  23  2:04  Queen  
  23  2:05  Drone  
  26  2:10  Metabolic Boost  
  26  2:12  Drone  
  26  2:15  Drone  
  28  2:32  Hatchery  
  28  2:35  Drone  
  28  2:40  Queen  
  28  2:43  Drone  
  31  2:45  Zergling x2  
  32  2:55  Baneling Nest, Overlord  
  31  2:58  Drone  
  31  3:00  Drone  
  31  3:03  Drone  
  34  3:07  Drone x2  
  36  3:15  Zergling x2  
  36  3:16  Drone  
  36  3:17  Drone x2  
  36  3:18  Drone  
  41  3:22  Overlord  
  41  3:25  Drone  
  42  3:37  Zergling x4  
  42  3:39  Baneling x2  
  43  3:41  Queen  
  43  3:43  Zergling x4  
  43  3:46  Zergling x2  
  43  3:48  Drone x3  
  50  3:52  Overlord  
  51  4:03  Baneling x2  
  51  4:05  Zergling x4  
  51  4:15  Drone  
  51  4:16  Baneling  
  49  4:18  Overlord  
  49  4:21  Extractor, Queen x3  
  49  4:22  Roach Warren  
  53  4:27  Zergling x6  
  53  4:31  Zergling x4  
  50  4:34  Zergling x2  
  48  4:40  Zergling x4  
  48  4:44  Zergling x2  
  51  4:46  Zergling x2  
  47  4:55  Zergling x8  
  46  5:03  Zergling x12  
  46  5:05  Zergling x2  
  49  5:09  Zergling x2  
  47  5:19  Zergling x2  
Tags
 
Add a new tag
Caveats
  • Supply blocks, unpowered buildings, or Contaminate may cause inaccurate times.
  • Supply counts are checked every 10 seconds.